 Dungeon Crawl Stone Soup version 0.22-a0-469-gf26638a (webtiles) character file.

23283 Amnesiac the Fetichist (level 12, -2/76 HPs)
             Began as a Mummy Artificer on June 14, 2018.
             Was an Initiate of Gozag.
             Slain by a vault guard
             ... wielding a +0 long sword
              (5 damage)
             ... on level 13 of the Dungeon.
             The game lasted 00:47:28 (19415 turns).

Amnesiac the Fetichist (Mummy Artificer)           Turns: 19415, Time: 00:47:29

Health: -2/76      AC: 11    Str: 24    XL:     12   Next: 70%
Magic:  0/24       EV: 11    Int: 15    God:    Gozag
Gold:   1960       SH: 13    Dex: 19    Spells: 5/11 levels left

rFire    + . .     SeeInvis +   b - +4 whip (elec)
rCold    + . .     Gourm    .   A - +0 large shield (curse)
rNeg     + + +     Faith    .   l - +1 ring mail {rF+}
rPois    ∞         Spirit   +   I - +1 helmet {SInv}
rElec    .         Reflect  .   o - +0 cloak
rCorr    .         Harm     .   i - +1 pair of gloves
MR       +....     Rnd*Tele +   (no boots)
Stlth    ++........             u - amulet of guardian spirit
HPRegen  0.22/turn              j - ring of protection from fire
MPRegen  0.19/turn              h - ring of teleportation (curse)

@: mighty, brilliant, agile, about to teleport, hasted, studying Shields, very
quick
A: no food or potions, fire vulnerability, cold resistance 1, negative energy
resistance 3, torment resistance, unbreathing
a: Potion Petition, Call Merchant, Bribe Branch, Renounce Religion


You were on level 13 of the Dungeon.
You worshipped Gozag.
Gozag was most pleased with you.
You were not hungry.

You visited 1 branch of the dungeon, and saw 13 of its levels.
You also visited: Bailey.

You collected 4904 gold pieces.
You spent 1758 gold pieces at shops.
You paid 1186 gold pieces to Gozag.

Inventory:

Hand Weapons
 a - the +7 sceptre of Torment
   (You bought it in a shop on level 11 of the Dungeon)
 b - a +4 whip of electrocution (weapon)
 n - a +0 blowgun
 q - the +8 morningstar of the Enemy {crush, rC+ Int+4}
   (You found it on level 7 of the Dungeon)

   It inflicts extra damage upon your enemies.
   It affects your intelligence (+4).
   It protects you from cold.
 r - the +4 Vampire's Tooth {vamp}
   (You found it on level 6 of the Dungeon)

   It inflicts no extra harm, but heals its wielder when it wounds a living foe.
Missiles
 m - 67 sling bullets
 x - 4 curare-tipped needles
Armour
 i - a +1 pair of gloves (worn)
 l - a +1 ring mail of fire resistance (worn)
 o - a +0 cloak (worn)
 A - a cursed +0 large shield (worn)
 I - a +1 helmet of see invisible (worn)
Jewellery
 c - an uncursed ring of magical power
 g - a +3 ring of evasion
 h - a cursed ring of teleportation (right hand)
 j - a ring of protection from fire (left hand)
 u - an amulet of guardian spirit (around neck)
 v - an uncursed amulet of magic regeneration {unknown}
 w - a cursed amulet of inaccuracy {unknown}
 y - an uncursed amulet of the acrobat {unknown}
 D - a +4 amulet of reflection {unknown}
Wands
 d - a wand of enslavement (10)
 e - a wand of random effects (2)
 k - a wand of flame (13)
 z - a wand of paralysis (8)
Scrolls
 f - 6 scrolls of teleportation {!r}
 p - 3 scrolls of fog {!r}
 t - 5 scrolls of immolation {!r}
 B - 2 scrolls of magic mapping {!r}
 C - 5 scrolls of identify {!r}
 E - 3 scrolls of vulnerability {!r}
 F - 4 scrolls of amnesia {!r}
Books
 s - a manual of Shields


   Skills:
 - Level 1.0 Fighting
 - Level 0.7 Short Blades
 + Level 2.3 Staves
 - Level 1.5 Dodging
 - Level 0.7 Stealth
 * Level 16.9 Evocations


You had 5 spell levels left.
You knew the following spells:

 Your Spells              Type           Power        Failure   Level  Hunger
a - Call Imp              Summ           #.......     77%         2    N/A
s - Conjure Flame         Conj/Fire      #.......     92%         3    N/A
z - Confusing Touch       Hex            #.....       65%         1    N/A

Your spell library contained the following spells:

 Spells                   Type           Power        Failure   Level  Hunger
 Fireball                 Conj/Fire      #.........   100%        5    N/A
 Confuse                  Hex            #.......     92%         3    N/A
 Throw Flame              Conj/Fire      #.....       77%         2    N/A
 Summon Small Mammal      Summ           #...         65%         1    N/A
 Sticky Flame             Conj/Fire      #.......     99%         4    N/A
 Summon Ice Beast         Ice/Summ       #.......     99%         4    N/A
 Flame Tongue             Conj/Fire      #....        65%         1    N/A
 Call Canine Familiar     Summ           #.......     92%         3    N/A
 Metabolic Englaciation   Hex/Ice        #.........   100%        5    N/A
 Petrify                  Tmut/Erth      #.......     99%         4    N/A
 Inner Flame              Hex/Fire       #.......     92%         3    N/A
 Summon Lightning Spire   Summ/Air       #.......     99%         4    N/A
 Summon Guardian Golem    Hex/Summ       #.......     92%         3    N/A
 Gell's Gravitas          Tloc           #.........   92%         3    N/A
 Yara's Violent Unravell  Hex/Tmut       #.........   100%        5    N/A

Dungeon Overview and Level Annotations

Branches:
Dungeon (13/15)            Temple (0/1) D:7            Lair (0/6) D:8
    Orc (0/2) D:10         Vaults (0/5) D:13

Altars:
Ashenzari
Gozag
Hepliaklqana
Ru
Trog
Wu Jian
The Shining One

Shops:
D:6 :   D:11 (:[

Annotations:
D:10 1 runed door


Innate Abilities, Weirdness & Mutations

You do not eat or drink.
Your flesh is vulnerable to fire.
You are immune to poison.
Your flesh is cold resistant. (rC+)
You are immune to negative energy. (rN+++)
You are immune to unholy pain and torment.
You can survive without breathing.


Message History

You no longer have enough gold to bribe branches to halt enemies' attacks and recruit allies.
You feel very mighty all of a sudden.
You feel agile all of a sudden.
You feel clever all of a sudden. The bullfrog barely misses you.
The vault guard blocks your attack.
The vault guard is almost dead.
The bullfrog hits you but does no damage.
The vault guard hits you with a long sword!
* * * LOW HITPOINT WARNING * * *
The bullfrog closely misses you.
Okay, then. [a] - 616 gold - resistance, invisibility and agility [b] - 280 gold - haste and agility [c] - 360 gold - might, agility and brilliance Purchase which effect?
You feel yourself speed up.
You feel more agile all of a sudden.
You block the bullfrog's attack. x2; The vault guard misses you.
The vault guard hits you with a long sword!
* * * LOW HITPOINT WARNING * * *
[a] - 322 gold - haste and agility [b] - 232 gold - heal wounds and curing [c] - 312 gold - invisibility and agility Purchase which effect?
You feel much better.
You feel better.
The bullfrog hits you but does no damage.
The vault guard blocks your attack.
The vault guard is almost dead.
You block the bullfrog's attack.
The vault guard hits you with a war axe!
* * * LOW HITPOINT WARNING * * *
The vault guard hits you but does no damage.
Really read
f - 7 scrolls of teleportation {!r}?
Okay, then. [a] - 768 gold - resistance, invisibility, agility and haste [b] - 322 gold - haste and brilliance [c] - 588 gold - haste, agility, flight and brilliance Purchase which effect?
You feel as though your hastened speed will last longer.
You feel more clever all of a sudden.
The bullfrog hits you but does no damage.
Really read
f - 7 scrolls of teleportation {!r}?
As you read the scroll of teleportation {!r}, it crumbles to dust.
You feel strangely unstable. The vault guard barely misses you.
You block the vault guard's attack. The bullfrog hits you.
* * * LOW HITPOINT WARNING * * *
You completely miss the bullfrog. The bullfrog closely misses you.
The vault guard barely misses you. x2
You barely miss the vault guard.
The vault guard is almost dead.
You block the bullfrog's attack. The vault guard blocks your attack.
The vault guard is almost dead.
The bullfrog closely misses you.
The vault guard hits you with a war axe!
* * * LOW HITPOINT WARNING * * *
The vault guard hits you with a long sword.
* * * LOW HITPOINT WARNING * * *
You hit the vault guard.
The vault guard is almost dead.
You block the bullfrog's attack. x2
The vault guard hits you with a long sword.
You die...
Your body crumbles into a pile of gold.

########
#pp.pp.#
#p####.# #p#
#.# #.######p#
#p# #.....F@p#
#p# .# #.#
####.##### #p#
.## ...######.#
#.pp#
...............
..oC[.. ..#
....#..##.#
###...###
..##..#....##.#
##.##
..#.....##.##.#
#.#
..#..##.##.##.#
#.#
......#.##.##.#
#.#


You could see 6 vault guards and a bullfrog.

Vanquished Creatures
  Frances (D:12)
  Josephine (D:11)
  The ghost of Enish the Basher, a journeyman NaCK of Wu Jian (D:10)
  Erolcha (D:11)
  A hydra (D:11)
  2 vault guards (D:13)
  4 two-headed ogres
  The ghost of Slunt the Fighter, a novice MfCK of Xom (D:7)
  Nergalle (D:12)
  The ghost of namelastname112 the Abyss-Baptised, a novice DDAK of Lugonu (D:5)
  An orc knight (Bailey)
  An ugly thing (D:11)
  An orc sorcerer (Bailey)
  A guardian serpent (D:11)
  A gargoyle (D:10)
  A kobold demonologist (Bailey)
  A troll (D:10)
  Grinder (D:4)
  3 hippogriffs
  A meliai zombie (D:12)
  Sigmund (D:3)
  5 wraiths
  3 vampire mosquitoes (D:13)
  3 hungry ghosts
  Menkaure (D:5)
  A crocodile (D:11)
  12 orc warriors
  3 ice beasts
  A sky beast (D:11)
  2 black bears
  9 ogres
  4 phantoms
  A necrophage (D:7)
  11 centaurs
  7 big kobolds
  Blork the orc (D:5)
  5 gnoll sergeants (D:10)
  12 bullfrogs
  A wyvern skeleton (D:13)
  4 scorpions
  2 killer bees (D:9)
  2 vampire bats (D:6)
  9 wights
  5 electric eels (Bailey)
  3 howler monkeys
  3 bullfrog zombies
  2 jellies
  5 crimson imps
  A centaur zombie (D:6)
  5 hounds
  4 bullfrog skeletons
  2 orc priests
  Crazy Yiuf (D:2)
  6 orc wizards
  4 iguanas
  A centaur skeleton (D:9)
  Ijyb (D:3)
  Natasha (thrice) (D:2)
  10 worker ants
  A hound zombie (D:9)
  A hound skeleton (D:4)
  Robin (D:3)
  13 gnolls
  10 adders
  2 shadow imps
  2 oozes
  3 adder skeletons
  A worm (D:5)
  A dart slug (D:1)
  8 leopard geckos
  53 orcs
  A ball python (D:3)
  7 giant cockroaches
  20 goblins
  15 hobgoblins
  10 jackals
  9 kobolds
  3 quokkas
  14 bats
  8 frilled lizards
  7 rats
372 creatures vanquished.

Vanquished Creatures (collateral kills)
  A killer bee (D:9)
  2 hounds (D:5)
  A kobold (D:9)
4 creatures vanquished.

Vanquished Creatures (others)
  A centaur zombie (D:12)
  A hornet (D:12)
  A wraith (D:11)
  An orc wizard (D:13)
  A centaur skeleton (D:12)
  2 worker ants (D:5)
  A worm (D:3)
  3 kobolds (D:12)
11 creatures vanquished.

Grand Total: 387 creatures vanquished

Notes
Turn   | Place    | Note
-------+----------+-------------------------------------------
     0 | D:1      | Amnesiac the Mummy Artificer began the quest for the Orb.
     0 | D:1      | Reached XP level 1. HP: 15/15 MP: 2/2
   288 | D:1      | Reached skill level 3 in Evocations
   288 | D:1      | Reached XP level 2. HP: 9/21 MP: 2/4
   317 | D:2      | HP: 1/21 [hobgoblin/club (2)]
   608 | D:2      | Noticed Natasha
   610 | D:2      | Noticed a crimson imp
   620 | D:2      | Killed Natasha
   620 | D:2      | Reached XP level 3. HP: 26/26 MP: 5/5
   627 | D:3      | Found an opulent altar of Gozag.
   627 | D:3      | Found a bloodstained altar of Trog.
   841 | D:3      | Noticed Robin
  1106 | D:3      | Reached skill level 4 in Evocations
  1191 | D:3      | Noticed Sigmund
  1396 | D:3      | Killed Sigmund
  1396 | D:3      | Reached skill level 5 in Evocations
  1396 | D:3      | Reached XP level 4. HP: 31/32 MP: 7/7
  1396 | D:3      | Reached XP level 5. HP: 36/37 MP: 8/8
  1536 | D:3      | Became a worshipper of Gozag Ym Sagoz the Greedy
  2255 | D:2      | Found a runed door.
  2286 | D:2      | Noticed Natasha
  2287 | D:2      | Killed Natasha
  2287 | D:2      | Reached XP level 6. HP: 43/43 MP: 10/10
  2380 | D:2      | Noticed Natasha
  2387 | D:2      | Killed Natasha
  2433 | D:2      | Noticed Crazy Yiuf
  2441 | D:2      | Killed Crazy Yiuf
  2734 | D:3      | Noticed Ijyb
  2742 | D:3      | Killed Ijyb
  2742 | D:3      | Reached skill level 6 in Evocations
  2880 | D:3      | Killed Robin
  3448 | D:4      | Noticed Grinder
  3454 | D:4      | Paralysed by Grinder for 5 turns
  3474 | D:4      | Killed Grinder
  3474 | D:4      | Reached skill level 7 in Evocations
  3474 | D:4      | Reached XP level 7. HP: 33/48 MP: 10/12
  3529 | D:4      | Found a hazy altar of Hepliaklqana.
  3801 | D:4      | Found a glowing golden altar of the Shining One.
  4269 | D:5      | Entered Level 5 of the Dungeon
  4703 | D:5      | Noticed Blork the orc
  4719 | D:5      | Killed Blork the orc
  4719 | D:5      | Reached skill level 8 in Evocations
  4819 | D:5      | Reached XP level 8. HP: 51/54 MP: 14/14
  4877 | D:5      | Noticed namelastname112's ghost (novice DDAK)
  5174 | D:5      | Found an ornate altar of the Wu Jian Council.
  5383 | D:5      | Noticed Menkaure
  5395 | D:5      | Killed Menkaure
  5625 | D:5      | Reached skill level 9 in Evocations
  6917 | D:5      | Killed namelastname112's ghost
  6917 | D:5      | Reached skill level 10 in Evocations
  7188 | D:6      | Reached XP level 9. HP: 57/59 MP: 16/16
  7825 | D:6      | Found Ycuczu's Book Boutique.
  7993 | D:6      | Found the +4 Vampire's Tooth {vamp}
  8101 | D:6      | Reached skill level 11 in Evocations
  8532 | D:7      | Found a staircase to the Ecumenical Temple.
  8734 | D:7      | Learned a level 1 spell: Confusing Touch
  8767 | D:7      | Found a sacrificial altar of Ru.
  8941 | D:7      | Found an ornate altar of the Wu Jian Council.
  8950 | D:7      | Got a smoking morningstar
  9099 | D:7      | Noticed Slunt's ghost (novice MfCK)
  9100 | D:7      | Identified the +8 morningstar of the Enemy {crush, rC+ Int+4} (You found it on level 7 of the Dungeon)
  9108 | D:7      | Killed Slunt's ghost
  9108 | D:7      | Reached skill level 12 in Evocations
  9108 | D:7      | Reached XP level 10. HP: 62/65 MP: 16/19
  9448 | D:8      | Found a staircase to the Lair.
 10193 | D:9      | Noticed a two-headed ogre
 10287 | D:9      | Killed a two-headed ogre
 10287 | D:9      | Reached skill level 13 in Evocations
 11368 | D:9      | Found a shattered altar of Ashenzari.
 11495 | D:9      | Learned a level 2 spell: Call Imp
 11499 | D:9      | Learned a level 3 spell: Conjure Flame
 11530 | D:10     | Entered Level 10 of the Dungeon
 11787 | D:10     | Noticed a gargoyle
 11794 | D:10     | Killed a gargoyle
 11795 | D:10     | Noticed Enish's ghost (journeyman NaCK)
 11800 | D:10     | Killed Enish's ghost
 11800 | D:10     | Reached skill level 14 in Evocations
 11800 | D:10     | Reached XP level 11. HP: 70/70 MP: 21/21
 11832 | D:10     | Found a runed door.
 11937 | D:10     | Found a runed door.
 11945 | D:10     | Found a runed door.
 12103 | D:10     | Found a runed door.
 12103 | D:10     | Noticed a stone giant
 12103 | D:10     | Noticed a glowing orange brain
 12103 | D:10     | Noticed a death drake
 12105 | D:10     | Noticed a deep elf archer
 12105 | D:10     | Noticed a tengu reaver
 12105 | D:10     | Noticed an ettin
 12105 | D:10     | Noticed a phantasmal warrior
 12105 | D:10     | Noticed a fire crab
 12107 | D:10     | Noticed a sea snake
 12107 | D:10     | a death drake changed into a sea snake
 12251 | D:10     | Found a runed door.
 12666 | D:10     | Found a staircase to the Orcish Mines.
 12692 | D:10     | Got a brightly glowing ring mail
 12919 | D:11     | Found Aschiuxeu's Book Emporium.
 12919 | D:11     | Noticed a two-headed ogre
 12996 | D:11     | Found Nejin's Weapon Emporium.
 13043 | D:11     | Noticed a two-headed ogre
 13047 | D:11     | Noticed an eight-headed hydra
 13093 | D:11     | Identified a scroll of acquirement {!r}
 13246 | D:11     | Killed a two-headed ogre
 13407 | D:11     | Noticed Erolcha
 13411 | D:11     | Killed Erolcha
 13411 | D:11     | Reached skill level 15 in Evocations
 13412 | D:11     | Noticed Josephine
 13459 | D:11     | Found a flagged portal.
 13466 | Bailey   | Entered a bailey
 13723 | Bailey   | Noticed an orc knight
 13731 | Bailey   | Killed an orc knight
 13955 | Bailey   | Noticed an orc sorcerer
 13969 | Bailey   | Killed an orc sorcerer
 14103 | Bailey   | Found an iron altar of Okawaru.
 15116 | D:11     | Killed a two-headed ogre
 15867 | D:11     | Noticed a white ugly thing
 15968 | D:11     | Found Veyklien's Armour Shop.
 15985 | D:11     | Killed a white ugly thing
 15985 | D:11     | Reached XP level 12. HP: 32/76 MP: 8/23
 15994 | D:11     | Bought a +1 helmet of see invisible for 198 gold pieces
 16015 | D:11     | Identified the +4 ring mail of the Land of Plenty {Stlth+} (You found it on level 10 of the Dungeon)
 16224 | D:11     | Killed Josephine
 16479 | D:12     | Noticed Frances
 16479 | D:12     | Noticed a two-headed ogre
 16535 | D:11     | Killed an eight-headed hydra
 16535 | D:11     | Reached skill level 16 in Evocations
 16858 | D:12     | Noticed Nergalle
 16881 | D:12     | Killed Nergalle
 17011 | D:12     | Killed a two-headed ogre
 17077 | D:12     | Killed Frances
 17471 | D:11     | Bought the +7 sceptre of Torment for 1560 gold pieces
 17471 | D:11     | Found the +7 sceptre of Torment
 17740 | D:12     | Reached skill level 1 in Staves
 19360 | D:13     | Noticed a four-headed hydra
 19365 | D:13     | Found a gate to the Vaults.
 19365 | D:13     | Noticed a vault guard
 19365 | D:13     | Noticed a vault guard
 19365 | D:13     | Noticed a vault guard
 19365 | D:13     | Noticed a vault guard
 19365 | D:13     | Noticed a vault guard
 19365 | D:13     | Noticed a vault guard
 19365 | D:13     | Noticed a vault guard
 19365 | D:13     | Noticed a vault guard
 19373 | D:13     | Killed a vault guard
 19379 | D:13     | Killed a vault guard
 19407 | D:13     | HP: 1/76 [vault guard/long sword (8)]
 19414 | D:13     | HP: 3/76 [vault guard/long sword (5)]
 19415 | D:13     | Slain by a vault guard

Vault maps used:
D:1:      scummos_arrival_simple_fountains
D:2:      first_ration, grunt_ministairs_2, skrybe_limestone_x,
          uniq_crazy_yiuf_cottage, uniq_natasha
D:3:      chequers_temple_overflow_statue_of_worship, minmay_cupped,
          uniq_sigmund, uniq_robin, uniq_ijyb
D:4:      marbit_many_paths, lemuel_doored_altar, uniq_grinder
D:5:      kennysheep_mini_moat, uniq_blork_the_orc, uniq_menkaure
D:6:      serial_shops, shop, minmay_guarded_unrand_vampires_tooth
D:7:      nicolae_overflow_crystal_walls, minmay_temple_entry_water_ring,
          basic_altar
D:8:      lair_entry_dummy
D:9:      lemuel_coloured_pillars_altar, grunt_pizzeria
D:10:     minmay_gate_of_8, kennysheep_orc_monster_closet_entryway,
          minmay_statue_crystal_thing
D:11:     serial_shops, nicolae_shop_crystal, kennysheep_little_box, shop,
          enter_bailey_3, nrook_guardian_serpent_double, uniq_erolcha,
          uniq_josephine
D:12:     lemuel_flame_loot_1, uniq_frances, uniq_nergalle
D:13:     erik_vaults_2, hangedman_glass_teeth
Bailey:   bailey_axe_of_yendor_kennysheep, bailey

Skill      XL: |  1  2  3  4  5  6  7  8  9 10 11 12 |
---------------+-------------------------------------+-----
Evocations     | 3 5 7 8 10 12 14 15 16 | 16.9
Staves         | 2 |  2.3
Fighting       | |  1.0
Short Blades   | |  0.7
Dodging        | |  1.5
Stealth        | |  0.7

Action                   |  1- 3 |  4- 6 |  7- 9 | 10-12 || total
-------------------------+-------+-------+-------+-------++-------
Melee: Short sword       |   120 |    78 |       |       ||   198
       Quarterstaff      |       |    59 |   257 |       ||   316
       Whip              |       |       |   204 |   808 ||  1012
       Morningstar       |       |       |       |    56 ||    56
       Staff             |       |       |       |   109 ||   109
 Fire: Blowgun           |       |       |       |     5 ||     5
Invok: Potion Petition   |       |       |     1 |     4 ||     5
Evoke: Wand              |    19 |     6 |    15 |    95 ||   135
  Use: Scroll            |     1 |     4 |     2 |    10 ||    17
 Stab: Paralysed         |    12 |       |       |     4 ||    16
       Confused          |       |     1 |       |     3 ||     4
       Distracted        |       |       |     1 |     2 ||     3
Armor: Leather armour    |    61 |    26 |    66 |       ||   153
       Ring mail         |       |       |   101 |   418 ||   519
Dodge: Dodged            |   109 |   105 |   368 |   471 ||  1053
Block: Large shield      |       |       |       |   476 ||   476

Table legend:
 A = Spawn XP
 B = Non-spawn XP
 C = Spawn XP percentage of total XP
 D = Spawn monster count
 E = Non-spawn monster count
 F = Spawn count percentage of total count
 G = Total turns spent on level
                    A         B        C        D         E        F      G
               +---------+---------+-------+---------+---------+-------+---------
         Total |       0 |   33262 |   0.0 |       0 |     377 |   0.0 | 19415
               +---------+---------+-------+---------+---------+-------+---------
           D:1 |       0 |      62 |   0.0 |       0 |      18 |   0.0 |   734
           D:2 |       0 |     165 |   0.0 |       0 |      17 |   0.0 |   965
           D:3 |       0 |     309 |   0.0 |       0 |      27 |   0.0 |  1337
           D:4 |       0 |     477 |   0.0 |       0 |      15 |   0.0 |  2068
           D:5 |       0 |    1729 |   0.0 |       0 |      30 |   0.0 |  2236
           D:6 |       0 |    1193 |   0.0 |       0 |      30 |   0.0 |  1105
           D:7 |       0 |    2040 |   0.0 |       0 |      20 |   0.0 |  1048
           D:8 |       0 |     650 |   0.0 |       0 |      13 |   0.0 |   954
           D:9 |       0 |    2878 |   0.0 |       0 |      40 |   0.0 |  1467
          D:10 |       0 |    4073 |   0.0 |       0 |      36 |   0.0 |  1612
          D:11 |       0 |    8161 |   0.0 |       0 |      36 |   0.0 |  2758
          D:12 |       0 |    5418 |   0.0 |       0 |      32 |   0.0 |  1244
          D:13 |       0 |    3253 |   0.0 |       0 |      19 |   0.0 |   517
        Bailey |       0 |    2854 |   0.0 |       0 |      44 |   0.0 |  1370
               +---------+---------+-------+---------+---------+-------+---------
